 Dungeon Sprint DCSS version 0.19-a0-1889-g9c603be (webtiles) character file.

56 poirepourri the Covert (level 3, -3/16 HPs)
             Began as a Spriggan Enchanter on Oct 17, 2016.
             Killed from afar by a white imp (11 damage)
             ... with a puff of frost
             ... summoned by a kobold demonologist
             ... in the Dungeon (Sprint III: "The Ten Rune Challenge").
             The game lasted 00:02:06 (513 turns).

poirepourri the Covert (Spriggan Enchanter)          Turns: 513, Time: 00:02:07

Health: -3/16      AC:  3    Str:  4    XL:     3   Next: 71%
Magic:  4/9        EV: 20    Int: 16    God:
Gold:   19         SH:  0    Dex: 17    Spells: 4 memorised, 1 level left

rFire  . . .     SeeInvis +     a - +1 dagger
rCold  . . .     Gourm    .     b - +1 robe
rNeg   . . .     Faith    .     (shield restricted)
rPois  .         Spirit   .     (helmet restricted)
rElec  .         Reflect  .     (no cloak)
rCorr  .         Harm     .     (gloves unavailable)
MR     .....     NoTele   +     (boots unavailable)
Stlth  ++++......               (no amulet)
                                (no ring)
                                (no ring)

@: very slightly contaminated, very quick
A: unfitting armour, see invisible, herbivore 3, speed 3, slow metabolism 2
a: no special abilities


You were in the Dungeon.
You were not hungry.

You visited 1 branch You collected 19 gold pieces.

Inventory:

Hand Weapons
 a - a +1 dagger (weapon)
Armour
 b - a +1 robe (worn)
Scrolls
 m - a scroll of immolation
 n - a scroll of fear
 o - 3 scrolls of remove curse
Potions
 e - a potion of curing
 f - a potion of heal wounds
 g - a potion of haste
 h - a potion of magic
 i - 2 potions of mutation
 q - 3 potions of cure mutation
 r - 3 potions of flight
Books
 c - a book of Maledictions

   Spells                             Type                      Level
   a - Corona                         Hexes                        1
   b - Ensorcelled Hibernation        Hexes/Ice                    2
   c - Confuse                        Hexes                        3
   d - Tukima's Dance                 Hexes                        3
   e - Dazzling Spray                 Conjuration/Hexes            3
Comestibles
 d - a bread ration
 l - 3 fruits
 p - a royal jelly


   Skills:
 + Level 1.4 Short Blades
 + Level 4.4 Dodging
 + Level 8.1 Stealth
 + Level 4.4 Spellcasting
 + Level 6.3 Hexes
 + Level 0.2 Ice Magic


You had one spell level left.
You knew the following spells:

 Your Spells              Type           Power        Failure   Level  Hunger
a - Corona                Hex            ###....      1%          1    None
b - Ensorcelled Hibernat  Hex/Ice        ##....       10%         2    ##.....
c - Confuse               Hex            ###.....     4%          3    ###....
d - Tukima's Dance        Hex            ###.....     4%          3    ###....


Dungeon Overview and Level Annotations

Branches:
Dungeon (1/1)

Altars:
Kikubaaqudgha
Sif Muna
Vehumet


Innate Abilities, Weirdness & Mutations

You are very small and have problems with some larger weapons.
You are too small for most types of armour.
You have supernaturally acute eyesight. (SInv)
You are a herbivore.
You cover ground extremely quickly.
You need consume almost no food.


Message History

The white imp completely misses you.
The kobold demonologist casts a spell.
Casting: Ensorcelled Hibernation
Confirm with . or Enter, or press ? or * to list all spells.
Aiming: Ensorcelled Hibernation
Press: ? - help, Shift-Dir - straight line, f/p - kobold demonologist
Aim: a kobold demonologist, wielding a dagger and wearing a robe (chance to defeat MR: 28%)
The kobold demonologist easily resists.
The white imp closely misses you.
The kobold demonologist completely misses you.
The soul eater barely misses you.
Casting: Ensorcelled Hibernation
Confirm with . or Enter, or press ? or * to list all spells.
Aiming: Ensorcelled Hibernation
Press: ? - help, Shift-Dir - straight line, f/p - kobold demonologist
Aim: a kobold demonologist, wielding a dagger and wearing a robe (chance to defeat MR: 28%)
The kobold demonologist easily resists.
The white imp gestures at you. The puff of frost hits you!
Ouch! That really hurt!
You die...

.#§E....#####..#
##.......#.%#..#
.##.##.÷.#..#..###+#+###+
.##.###..##'#..#.........
####.##..###...+.⌠.......
##†.##..####...#...######
....##..###....#.⌠.#
#..##...##.....#3..#
..##....#......#@###
.###..##.#.....#5K5# .#
#.. ####....#54_# ▓▓ ▓▓▓
▓▓▓▓▓▓▓▓▓▓


You could see a soul eater, a kobold demonologist, a chaos spawn and 3 white
imps.

Vanquished Creatures
  A wizard (D)
  A human (D)
  An ooze (D)
  A phantom (D)
  3 rats (D)
7 creatures vanquished.

Vanquished Creatures (others)
  2 draconian scorchers (D)
  6 hellions (D)
  A yaktaur (D)
  2 plants (D)
11 creatures vanquished.

Grand Total: 18 creatures vanquished

Notes
Turn   | Place    | Note
-------+----------+-------------------------------------------
     0 | D        | poirepourri the Spriggan Enchanter began the quest for the Orb.
     0 | D        | Reached XP level 1. HP: 9/9 MP: 5/5
    11 | D        | Reached skill level 5 in Stealth
    94 | D        | Killed a hellion
    94 | D        | Killed a hellion
   112 | D        | Reached skill level 6 in Stealth
   112 | D        | Reached skill level 5 in Hexes
   112 | D        | Reached XP level 2. HP: 13/13 MP: 2/7
   127 | D        | Killed a yaktaur
   130 | D        | Killed a hellion
   131 | D        | Killed a hellion
   147 | D        | Killed a hellion
   149 | D        | Learned a level 2 spell: Ensorcelled Hibernation
   204 | D        | Killed a white draconian scorcher
   207 | D        | Reached skill level 7 in Stealth
   207 | D        | Reached XP level 3. HP: 5/16 MP: 0/9
   220 | D        | Killed a white draconian scorcher
   320 | D        | Killed a hellion
   435 | D        | Learned a level 3 spell: Confuse
   439 | D        | Learned a level 3 spell: Tukima's Dance
   439 | D        | Noticed a water elemental
   500 | D        | Found a radiant altar of Vehumet.
   500 | D        | Found a deep blue altar of Sif Muna.
   500 | D        | Found an ancient bone altar of Kikubaaqudgha.
   500 | D        | Noticed a wizard
   502 | D        | Killed a wizard
   502 | D        | Reached skill level 8 in Stealth
   511 | D        | Noticed a chaos spawn
   512 | D        | Noticed a soul eater
   513 | D        | Killed from afar by a white imp

Vault maps used:
D:        dungeon_sprint_mu

Skill      XL: |  1  2  3 |
---------------+----------+-----
Stealth        | 6 7 8 |  8.1
Spellcasting   | 3 4 |  4.4
Hexes          | 5 6 |  6.3
Dodging        | 4 |  4.4
Short Blades   | |  1.4
Ice Magic      | |  0.2

Action                   || total
-------------------------++-------
Melee: Dagger            ||    24
 Cast: Corona            ||     3
       Ensorcelled Hiber ||    10
  Use: Potion            ||     2
       Scroll            ||     5
 Stab: Sleeping          ||     5
Armor: Robe              ||     1
Dodge: Dodged            ||    22
